 Dungeon Crawl Stone Soup version 0.30-a0-634-g8abc85282e (webtiles) character file.

Game seed: 10883839819525606553

2492 Leeroy the Carver (level 9, -5/48 HPs)
             Began as a Tengu Warper on Jan 14, 2023.
             Was an Initiate of Hepliaklqana.
             Slain by a yak (15 damage)
             ... on level 7 of the Dungeon.
             The game lasted 00:14:51 (8180 turns).

Leeroy the Carver (Tengu Warper)                    Turns: 8180, Time: 00:14:52

Health: -5/48      AC:  5    Str: 14    XL:     9   Next: 52%
Magic:  13/13      EV: 14    Int: 13    God:    Hepliaklqana [......]
Gold:   270        SH:  5    Dex: 18    Spells: 7/12 levels left

rFire   . . .      SeeInvis .    l - +2 falchion of the Thirsty Places {freeze, Str+2}
rCold   . . .      Faith    .    (no shield)
rNeg    + . .      Spirit   .    b - +0 leather armour
rPois   .          Reflect  +    (helmet restricted)
rElec   .          Harm     .    i - +0 cloak
rCorr   .          Rampage  .    f - +0 pair of gloves
Will    +....                    (boots unavailable)
Stlth   +                        o - amulet of reflection
HPRegen 0.28/turn                k - ring of willpower
MPRegen 0.13/turn                q - ring of positive energy

@: flying quickly and evasively, quick
A: beak, talons 3, nimble flight
a: Renounce Religion


You were on level 7 of the Dungeon.
You worshipped Hepliaklqana.
Hepliaklqana was noncommittal.
You visited 1 branch of the dungeon, and saw 8 of its levels.

You collected 406 gold pieces.
You spent 136 gold pieces at shops.

Inventory:

Hand Weapons
 a - a +0 falchion
 l - the +2 falchion of the Thirsty Places (weapon) {freeze, Str+2}
   (You bought it in a shop on level 3 of the Dungeon)

   Str:       It affects your strength (+2).
 G - a +0 great sword
 I - a +1 dagger of flaming
Missiles
 d - 2 boomerangs of dispersal
 n - 2 boomerangs
 v - 10 poisoned darts (quivered)
Armour
 b - a +0 leather armour (worn)
 f - a +0 pair of gloves (worn)
 i - a +0 cloak (worn)
 y - a +0 pair of boots
Jewellery
 k - a ring of willpower (left hand)
 o - an amulet of reflection (around neck)
 q - a ring of positive energy (right hand)
Wands
 A - a wand of roots (5)
 H - a wand of flame (16)
 J - a wand of mindburst (19)
Scrolls
 c - 3 scrolls of blinking
 j - a scroll of poison
 r - 4 scrolls of enchant armour
 s - 2 scrolls of enchant weapon
 w - a scroll of brand weapon {unknown}
 x - 3 scrolls of fog
 z - 2 scrolls of fear {unknown}
 C - 3 scrolls of teleportation {unknown}
 E - a scroll of noise {unknown}
Potions
 e - a potion of lignification {unknown}
 g - a potion of might {unknown}
 h - 2 potions of magic
 m - a potion of ambrosia
 p - a potion of brilliance {unknown}
 t - a potion of haste {unknown}
 u - a potion of attraction {unknown}
 B - a potion of mutation {unknown}
 D - a potion of degeneration {unknown}
 F - 3 potions of curing {unknown}
 K - 2 potions of flight {unknown}


   Skills:
 - Level 2.0 Fighting
 + Level 13.6 Long Blades
 - Level 1.0 Throwing
 - Level 1.1 Armour
 - Level 2.1 Dodging
 - Level 2.0 Spellcasting
 - Level 2.4 Translocations
 - Level 0.4 Air Magic
 + Level 0.7 Evocations


You had 7 spell levels left.
You knew the following spells:

 Your Spells              Type           Power      Damage    Failure   Level
a - Blink                 Tloc           14%        N/A       19%         2
b - Vhi's Electric Charg  Tloc/Air       8%         N/A       47%         3

Your spell library contained the following spells:

 Spells                   Type           Power      Damage    Failure   Level
 Shock                    Conj/Air       4%         1d3       28%         1
 Momentum Strike          Conj/Tloc      8%         3d8       28%         2
 Kiss of Death            Conj/Necr      4%         2d5       30%         1
 Lesser Beckoning         Tloc           14%        N/A       34%         3
 Teleport Other           Tloc           7%         N/A       34%         3
 Portal Projectile        Hex/Tloc       8%         N/A       50%         3
 Swiftness                Air            2%         N/A       63%         3
 Call Canine Familiar     Summ           1%         N/A       67%         3
 Confusing Touch          Hex            1%         N/A       67%         3
 Dazzling Flash           Conj/Hex       2%         N/A       67%         3
 Manifold Assault         Tloc           7%         N/A       75%         4
 Iskenderun's Mystic Bla  Conj/Tloc      4%         2d3       88%         4
 Airstrike                Air            1%         2d(1-17)  95%         4
 Dispel Undead            Necr           1%         3d6       97%         4
 Leda's Liquefaction      Hex/Erth       0%         N/A       97%         4
 Fireball                 Conj/Fire      0%         3d3       100%        5
 Iskenderun's Battlesphe  Conj           1%         2d6       100%        5
 Conjure Ball Lightning   Conj/Air       0%         3x3d6     100%        6
 Starburst                Conj/Fire      0%         6d3       100%        6
 Orb of Destruction       Conj           0%         9d5       100%        7


Dungeon Overview and Level Annotations

Branches:
Dungeon (8/15)             Temple (0/1) D:7
   Lair: D:8-11

Altars:
Ashenzari
Fedhas
Gozag
Hepliaklqana
Vehumet

Shops:
D:3 *   D:5 :

Portals:
Abyss: D:6

Annotations:
D:6 2 transporters, Leeroy's ghost, amateur TeWr
D:7 Pikel


Innate Abilities, Weirdness & Mutations

You have a beak for a mouth.
You have claws for feet.
Your magical nature lets you fly swiftly and evasively.


Message History

You hit the yak. You freeze the yak.
The yak is moderately wounded.
The yak gores you.
You slash the yak! You freeze the yak. Your peck misses the yak.
The yak is severely wounded.
You block the yak's attack.
You hit the yak. You freeze the yak. You claw the yak.
You peck the yak, but do no damage.
The yak is almost dead.
You hit the yak. You freeze the yak. You claw the yak, but do no damage.
The yak is almost dead.
You block the yak's attack.
You slash the yak! You freeze the yak.
You kill the yak!
You slash the yak! You freeze the yak. You peck the yak, but do no damage.
The yak is moderately wounded.
You barely miss the yak. You claw the yak.
The yak is moderately wounded.
You block the yak's attack.
You closely miss the yak.
The yak bellows!
Your kick misses the yak. Your peck misses the yak.
The yak is moderately wounded.
The yak gores you!
* * * LOW HITPOINT WARNING * * *
There is a stone staircase leading up here.
You fly upwards.
Level annotation: 2 transporters, Leeroy's ghost, amateur TeWr
There is a stone staircase leading down here.
You start resting.
HP restored.
You fly downwards.
Level annotation: Pikel The yak gores you!
The yak barely misses you. The yak gores you. The yak gores you!
There is a stone staircase leading up, spattered with blood here.
The yak gores you!
* * * LOW HITPOINT WARNING * * *
The yak gores you!
You die...

### #Y# #@#
######### #Y#
........#### #Y#
...........# ##Y###
........##.####....#
######
...........Y.......#
#.....
########.#.####....#
.....
########.#.#<##....#
....
....~....#.#.##.####
...


You could see 4 yaks.

Vanquished Creatures
  Sigmund (D:4)
  2 yaks (D:7)
  A steam dragon (D:4)
  A water moccasin (D:5)
  Duvessa (D:6)
  2 sky beasts
  An ice beast (D:5)
  An ogre (D:6)
  2 centaurs
  4 bullfrogs (D:7)
  A gnoll sergeant (D:5)
  A necrophage (D:7)
  2 scorpions
  Dowan (D:6)
  A killer bee (D:7)
  An orc priest (D:7)
  Crazy Yiuf (D:2)
  2 gnoll boudas
  3 hounds
  3 iguanas
  19 gnolls
  3 adders
  A white imp (D:6)
  An ufetubus (D:4)
  3 worms
  4 dart slugs
  2 orcs (D:7)
  6 ball pythons
  7 bats
  6 endoplasms
  4 giant cockroaches
  9 goblins
  3 hobgoblins
  11 jackals
  8 kobolds
  A quokka (D:1)
  2 frilled lizards
  4 rats
126 creatures vanquished.

Vanquished Creatures (others)
  An orc (D:4)
  A kobold (D:4)
2 creatures vanquished.

Grand Total: 128 creatures vanquished

Notes
Turn   | Place    | Note
-------+----------+-------------------------------------------
     0 | D:1      | Leeroy the Tengu Warper began the quest for the Orb.
     0 | D:1      | Reached XP level 1. HP: 12/12 MP: 4/4
   135 | D:1      | Reached skill level 3 in Long Blades
   135 | D:1      | Reached XP level 2. HP: 9/17 MP: 6/6
   339 | D:1      | Reached XP level 3. HP: 13/21 MP: 7/7
   418 | D:1      | Reached skill level 4 in Long Blades
  1514 | D:2      | Found a runed translucent door.
  1515 | D:2      | Noticed Crazy Yiuf
  1701 | D:2      | Reached XP level 4. HP: 26/26 MP: 8/8
  2089 | D:3      | Found a radiant altar of Vehumet.
  2169 | D:3      | Found Himoa's Assorted Antiques.
  2181 | D:3      | Learned a level 2 spell: Blink
  2185 | D:3      | Learned a level 3 spell: Vhi's Electric Charge
  2427 | D:3      | Reached skill level 5 in Long Blades
  2774 | D:4      | Noticed a steam dragon
  2860 | D:4      | Noticed a scorpion
  2946 | D:4      | Found an opulent altar of Gozag.
  2990 | D:5      | Entered Level 5 of the Dungeon
  3003 | D:5      | Noticed a water moccasin
  3017 | D:5      | Killed a water moccasin
  3018 | D:5      | Reached skill level 6 in Long Blades
  3018 | D:5      | Gained mutation: Your magical nature lets you fly swiftly
                  | and evasively. [Tengu growth]
  3018 | D:5      | Reached XP level 5. HP: 9/30 MP: 6/9
  3105 | D:5      | Noticed an ice beast
  3164 | D:5      | Killed an ice beast
  3165 | D:5      | Reached skill level 7 in Long Blades
  3165 | D:5      | Reached XP level 6. HP: 35/35 MP: 7/10
  3504 | D:5      | Found a blossoming altar of Fedhas.
  3616 | D:5      | Found Yfe Suu's Book Shoppe.
  3961 | D:4      | Reached skill level 8 in Long Blades
  3961 | D:4      | Reached XP level 7. HP: 40/40 MP: 11/11
  4094 | D:4      | Noticed Sigmund
  5158 | D:4      | Reached skill level 9 in Long Blades
  5279 | D:4      | Found a broken altar of Ashenzari.
  5304 | D:4      | Killed a steam dragon
  5358 | D:4      | Killed Sigmund
  5359 | D:4      | Reached skill level 10 in Long Blades
  5359 | D:4      | Reached XP level 8. HP: 29/44 MP: 5/12
  5502 | D:3      | Bought a brightly glowing falchion for 136 gold pieces
  5502 | D:3      | Identified the +2 falchion of the Thirsty Places {freeze,
                  | Str+2} (You bought it in a shop on level 3 of the Dungeon)
  6182 | D:6      | Found a one-way gate to the infinite horrors of the Abyss.
  6182 | D:6      | Found a transporter.
  6182 | D:6      | Noticed Leeroy's ghost (amateur TeWr)
  6191 | D:6      | Found a transporter.
  6245 | D:6      | Reached skill level 11 in Long Blades
  6308 | D:6      | Noticed Dowan
  6350 | D:7      | Noticed a yak
  6350 | D:7      | Noticed a yak
  6350 | D:7      | Noticed a yak
  6429 | D:7      | Reached skill level 12 in Long Blades
  6490 | D:7      | Found a hazy altar of Hepliaklqana.
  6526 | D:7      | Became a worshipper of Hepliaklqana the Forgotten
  6652 | D:7      | Found a staircase to the Ecumenical Temple.
  6704 | D:7      | Reached XP level 9. HP: 48/48 MP: 13/13
  6715 | D:7      | Noticed Pikel
  7290 | D:6      | Noticed Duvessa
  7314 | D:6      | Killed Duvessa
  7325 | D:6      | Reached skill level 13 in Long Blades
  7331 | D:6      | Killed Dowan
  7669 | D:2      | Killed Crazy Yiuf
  8180 | D:7      | Slain by a yak

Illustrated notes

Levels and vault maps discovered:
D:1:      nagdon_arrival_double_spiral, layout_basic, serial_glass,
          glass_columns_a, glass_columns_a, glass_columns_a, glass_columns_b,
          minmay_pentomino_p2
D:2:      layout_loops_corners, uniq_crazy_yiuf_cottage
D:3:      layout_rooms, nicolae_vehumet_radiance, serial_shops,
          nicolae_diamond_shop, hangedman_decor_points,
          kennysheep_generic_room_4
D:4:      layout_basic, cheibrodos_ashenzari_chains,
          mainiacjoe_overflow_catwalk, serial_curves, eino_curves_02,
          eino_curves_02, uniq_sigmund
D:5:      layout_basic, lemuel_round_altar, serial_shops, kennysheep_mini_moat
D:6:      layout_basic, gammafunk_ghost_abyssal_escape,
          dreamdust_princess_bridge, uniq_duvessa
D:7:      layout_basic, amcnicky_altar_gilded, minmay_temple_entry_poolview,
          uniq_pikel, uniq_menkaure
D:8:      minmay_imperfect_grid, layout_basic, dreamdust_divine_triumvirate,
          nicolae_uskayaw_dance_studio, erik_lair_orcish_takeover,
          serial_demonic, serial_demonic_c, serial_demonic_a, serial_demonic_c,
          serial_demonic_e, serial_demonic_d, serial_demonic_e,
          kennysheep_crisscross, grunt_decor_clamped

Skill      XL: |  1  2  3  4  5  6  7  8  9 |
---------------+----------------------------+-----
Long Blades    | 3 4 6 7 8 10 12 13 | 13.6
Fighting       | |  2.0
Throwing       | |  1.0
Armour         | |  1.1
Dodging        | |  2.1
Spellcasting   | |  2.0
Translocations | |  2.4
Air Magic      | |  0.4
Evocations     | |  0.7

Action                   |  1- 3 |  4- 6 |  7- 9 || total
-------------------------+-------+-------+-------++-------
Melee: Falchion          |    90 |   100 |   178 ||   368
       Kick              |    22 |    29 |    78 ||   129
       Punch             |     2 |     1 |     3 ||     6
       Peck              |     5 |    13 |    40 ||    58
       Great sword       |       |       |    13 ||    13
Throw: Boomerang         |       |     5 |       ||     5
       Dart              |       |    12 |     6 ||    18
 Cast: Vhi's Electric Ch |       |     2 |     9 ||    11
       Blink             |       |     1 |     4 ||     5
Evoke: Wand              |       |       |     3 ||     3
  Use: Potion            |       |     3 |       ||     3
       Scroll            |       |     1 |     5 ||     6
 Stab: Sleeping          |     1 |       |     1 ||     2
Armor: Leather armour    |    44 |    26 |    25 ||    95
Dodge: Dodged            |    54 |    53 |    93 ||   200
Block: Other             |       |    37 |    32 ||    69
       Reflection        |       |     1 |     1 ||     2

Table legend: (Time is in decaauts)
 A = Elapsed time spent in this place.
 B = Non-inter-level travel time spent in this place.
 C = Inter-level travel time spent in this place.
 D = Time resting spent in this place.
 E = Time spent auto-exploring this place.
 F = Levels seen in this place.
 G = Mean time per level.
                   A        B        C        D        E       F      G
               +--------+--------+--------+--------+--------+-----+--------+
         Total |   7925 |   7346 |    579 |    392 |   5305 |   8 |  990.6 |
       Dungeon |   7925 |   7346 |    579 |    392 |   5305 |   8 |  990.6 |
               +--------+--------+--------+--------+--------+-----+--------+

Top non-repeatable levels by time:
     D:5: 1735 daAuts
     D:6: 1317 daAuts
     D:4: 1275 daAuts
     D:2: 1267 daAuts
     D:1: 1022 daAuts
     D:3: 738 daAuts
     D:7: 462 daAuts
     D:8: 106 daAuts
